 Dungeon Crawl Stone Soup version 0.02-122-g12e50fee3c (webtiles) character file.

Game seed: 9776490226757729539, levelgen mode: deterministic

693 Lanoc the Skirmisher (level 7, 0/64 HPs) Cyan Draconian Demonspawn. Began on Oct 6, 2020. Slain by Edmund ... wielding a +1 dire flail of caustic ooze (5 damage) ... on level 2 of the Dungeon. The game lasted 00:04:00 (626 turns).

Lanoc the Skirmisher (Cyan Draconian Demonspawn)     Turns: 626, Time: 00:04:02

Health: 0/64       AC: 11    Str: 17    XL:     7 ^: 435
Magic:  2/11       EV: 14    Int: 12    God:
Gold:   51         SH:  0    Dex: 12    Spells: 10/11 levels left

rFire    . . .     Vision   .   a - +0 long sword
rCold    . . .     Gourm    .   (no weapon)
rNeg     . . .     Faith    .   (armour unavailable)
rPois    .         Spirit   .   (helmet restricted)
rElec    .         Reflect  .   h - +0 cloak
rCorr    .         Harm     .   (no gloves)
MR       .....                  (no boots)
Stlth    +++.......             (no amulet)
HPRegen  0.31/turn              (no ring)
MPRegen  0.21/turn              (no ring)

@: very slightly contaminated
A: no body armour, unfitting armour, claws 1, icy blue scales 2, nightstalker 1,
cold-blooded, translocations enhancer 1, rCloud, rAir, AC +7
a: Breathe Blast of Wind


You were on level 2 of the Dungeon.
You were hungry.

You visited 1 branch of the dungeon, and saw 2 of its levels.

You collected 51 gold pieces.

Inventory:

Weapons
 a - a +0 long sword (weapon)
Armour
 h - a +0 cloak (worn)
Scrolls
 b - a scroll of magic mapping
 d - a scroll of teleportation
 f - a scroll of blinking
 g - a scroll of fog
Potions
 e - 2 potions of might
Comestibles
 c - 2 rations


   Skills:
 + Level 6.7 Fighting
 - Level 1.5 Long Blades
 + Level 5.0 Dodging
 - Level 1.3 Stealth
 - Level 2.6 Spellcasting
   Level 3.0 Invocations


You had 10 spell levels left.
You knew the following spells:

 Your Spells              Type           Power        Failure   Level  Hunger
a - Flame Tongue          Fire           1 (40)       26%         1    #......

Your spell library contained the following spells:

 Spells                   Type           Power        Failure   Level  Hunger
 Blink                    Tloc           N/A          36%         2    ###....
 Call Imp                 Summ           1 (100)      36%         2    ###....
 Slow                     Hex            1 (100)      36%         2    ###....
 Conjure Flame            Fire           1 (100)      58%         3    ###....
 Mephitic Cloud           Pois/Air       1 (100)      58%         3    ###....


Dungeon Overview and Level Annotations

Branches:
Dungeon (2/8)

Altars:
Makhleb

Annotations:
D:2 Edmund


Innate Abilities, Weirdness & Mutations

You cannot fit into any form of body armour.
Your empereal azure scales are hard. (AC +7)
You can breathe strong gales of wind.
You have sharp fingernails. (+2 Unarmed)
You are mostly covered in icy blue scales. (AC +3)
You are slightly more attuned to the shadows.
You are cold-blooded and may be slowed by cold attacks.
You are in touch with the powers of translocation.
Your empereal azure scales grant you immunity to the effects of clouds and air. (rCloud, rAir)


Message History

The flame tongue hits Edmund but does no damage (0).
Edmund is severely wounded. (12/43) HP The sewer rat closely misses you (0).
You riposte.
You hit the sewer rat but do no damage.
The sewer rat is lightly wounded. (9/11) HP Edmund is engulfed in a cloud of scalding steam.
Edmund hits you but does no damage.
You are splashed with acid (4).
* * * LOW HITPOINT WARNING * * *
Casting: Flame Tongue (safe; 26% risk of failure)
Confirm with . or Enter, or press ? or * to list all spells.
Aiming: Flame Tongue (safe; 26% risk of failure)
Press: ? - help, Shift-Dir - straight line, f/p - Edmund
Aim: Edmund, wielding a +1 dire flail of caustic ooze and wearing a +0 leather armour (steam, severely wounded (10/43))
The flame tongue hits Edmund (2).
Edmund is almost dead. (8/43) HP The sewer rat closely misses you (0).
You riposte.
You hit the sewer rat (5).
The sewer rat is severely wounded. (4/11) HP Edmund is engulfed in a cloud of scalding steam.
Edmund hits you with a +1 dire flail of caustic ooze (5).
You die...

_.≈ ♣# ≈≈ ...#≈#≈....
....#.≈.≈≈≈≈ #
###≈.≈#≈≈≈≈≈≈≈≈
.♣#♣...≈.≈≈≈≈≈≈≈≈#
........≈r≈≈≈≈≈≈≈≈.
.≈≈≈≈≈.†≈≈≈≈≈≈≈≈≈≈≈≈
..≈≈≈≈†@≈≈†<≈≈≈≈≈≈≈≈≈
≈.≈≈≈≈@r....≈≈≈≈≈.≈P≈
≈≈≈≈≈≈≈..≈≈.≈;≈≈...≈..≈
######≈≈≈≈≈≈≈≈≈≈.≈≈≈≈..
#≈≈≈≈≈≈≈≈≈≈..≈≈..≈
#≈≈≈≈≈≈≈≈...≈P≈P.≈
#≈≈≈≈≈≈;..≈≈≈≈≈P.≈
#...≈≈≈≈.≈≈≈≈≈≈.
#≈..≈≈≈≈≈;≈≈#.###
#.≈#.†.≈≈≈≈.÷.#≈##


You could see Edmund, 2 sewer rats and a neutral slimehead (wandering)
(passive).

Vanquished Creatures
  2 slime creatures (D:2)
  A crocodile (D:2)
  A big kobold (D:2)
  A bullfrog (D:2)
  5 jellies (D:2)
  6 sewer rats (D:2)
  2 worms (D:2)
  3 cinder newts
  3 oozes (D:2)
  A leopard gecko (D:2)
  An adder skeleton (D:2)
  A cinder newt skeleton (D:2)
  A giant cockroach (D:2)
  A goblin (D:1)
  A hobgoblin (D:1)
  2 bats (D:1)
  4 kobolds
  A rat (D:2)
  A withered plant (D:2)
38 creatures vanquished.

Vanquished Creatures (others)
  2 jellies (D:2)
  A sewer rat (D:2)
  2 oozes (D:2)
  A bat (D:2)
  7 kobolds (D:2)
  2 ball pythons (D:2)
  A slimehead (D:2)
  10 toadstools (D:2)
  119 withered plants (D:2)
145 creatures vanquished.

Grand Total: 183 creatures vanquished

Notes
Turn   | Place    | Note
-------+----------+-------------------------------------------
     0 | D:1      | Lanoc the Immature Draconian Demonspawn began the quest for
                  | the Orb.
     0 | D:1      | Reached XP level 1. HP: 18/18 MP: 4/4
    26 | D:1      | Gained mutation: You have sharp fingernails. (+2 Unarmed)
                  | [demonic ancestry]
    26 | D:1      | Reached XP level 2. HP: 18/25 MP: 5/5
    45 | D:1      | Reached skill level 3 in Fighting
   143 | D:2      | Noticed a big kobold
   149 | D:2      | Killed a big kobold
   149 | D:2      | Reached XP level 3. HP: 26/33 MP: 4/7
   149 | D:2      | Gained mutation: You are partially covered in icy blue
                  | scales. (AC +2) [demonic ancestry]
   149 | D:2      | Reached XP level 4. HP: 32/40 MP: 4/8
   149 | D:2      | Reached skill level 4 in Fighting
   336 | D:2      | Noticed a slime creature
   364 | D:2      | Gained mutation: You are slightly more attuned to the
                  | shadows. [demonic ancestry]
   364 | D:2      | Reached XP level 5. HP: 47/47 MP: 6/9
   432 | D:2      | Killed a slime creature
   432 | D:2      | Reached skill level 5 in Fighting
   432 | D:2      | Reached XP level 6. HP: 25/56 MP: 1/10
   478 | D:2      | Noticed a slime creature
   530 | D:2      | Killed a slime creature
   530 | D:2      | Reached skill level 6 in Fighting
   530 | D:2      | Your scales start taking on an empereal azure colour.
   530 | D:2      | Reached XP level 7. HP: 20/63 MP: 3/11
   530 | D:2      | Gained mutation: You are mostly covered in icy blue scales.
                  | (AC +3) [demonic ancestry]
   530 | D:2      | Gained mutation: Your empereal azure scales grant you
                  | immunity to the effects of clouds and air. (rCloud, rAir)
                  | [Cyan Draconian growth]
   530 | D:2      | Gained mutation: You are in touch with the powers of
                  | translocation. [Cyan Draconian growth]
   607 | D:2      | Found a burning altar of Makhleb.
   613 | D:2      | Reached skill level 5 in Dodging
   614 | D:2      | Noticed Edmund
   626 | D:2      | Slain by Edmund

Levels and vault maps discovered:
D:1:      minmay_arrival_plants_in_alcoves, layout_loops_ring, first_ration
D:2:      cheibrodos_fertilizer, layout_sewer,
          nicolae_overflow_quartered_altars, uniq_edmund

Skill      XL: |  1  2  3  4  5  6  7 |
---------------+----------------------+-----
Fighting       | 3 4 5 6 |  6.7
Dodging        | 3 4 5 |  5.0
Long Blades    | |  1.5
Stealth        | |  1.3
Spellcasting   | |  2.6
Invocations    | |  3.0

Action                   |  1- 3 |  4- 6 |  7- 9 || total
-------------------------+-------+-------+-------++-------
Melee: Long sword        |    11 |    19 |    11 ||    41
       Unarmed           |    11 |    16 |    10 ||    37
       Tailslap          |     1 |     3 |     1 ||     5
 Cast: Flame Tongue      |     2 |    29 |    13 ||    44
 Abil: Breathe Blast of  |       |       |     1 ||     1
Armor: Skin              |     3 |    13 |     7 ||    23
Dodge: Dodged            |    22 |    23 |    39 ||    84
       Rpst.: Long sword |     9 |     7 |    16 ||    32
       Unarmed           |     8 |     7 |    14 ||    29
